 Dungeon Crawl Stone Soup version 0.25.1-2-g60ff931df9 (webtiles) character file.

Game seed: 16238720178343993989

529 Amplified the Cudgeler (level 7, -3/63 HPs)
             Began as a Minotaur Chaos Knight on Oct 11, 2020.
             Was a Plaything of Xom.
             Killed by nerve-wracking pain
             ... invoked by an orc priest
              (7 damage)
             ... on level 4 of the Dungeon.
             The game lasted 00:06:18 (4578 turns).

Amplified the Cudgeler (Minotaur Chaos Knight)      Turns: 4578, Time: 00:06:18

Health: -3/63      AC:  8    Str: 19    XL:     7   Next: 3%
Magic:  6/6        EV: 11    Int:  9    God:    Xom [*.....]
Gold:   270        SH:  0    Dex:  9    Spells: 6/6 levels left

rFire    + . .     SeeInvis .   f - +0 whip (venom)
rCold    . . .     Gourm    .   (no shield)
rNeg     . . .     Faith    .   b - +2 leather armour
rPois    .         Spirit   .   (helmet restricted)
rElec    .         Reflect  .   (no cloak)
rCorr    .         Harm     .   m - +1 pair of gloves
MR       .....                  k - +0 pair of boots
Stlth    +.........             (no amulet)
HPRegen  0.20/turn              u - ring of wizardry
MPRegen  0.10/turn              s - ring of protection from fire

@: very slightly contaminated, heavily drained, invisible
A: retaliatory headbutt, horns 2
a: Renounce Religion


You were on level 4 of the Dungeon.
You worshipped Xom.
You were a special plaything of Xom.
You were not hungry.

You visited 1 branch of the dungeon, and saw 5 of its levels.
You also visited: Sewer.

You collected 270 gold pieces.

Inventory:

Hand Weapons
 a - a +1 mace of chaos
 f - a +0 whip of venom (weapon)
 g - a +0 long sword of protection
Missiles
 h - 27 poisoned darts (quivered)
Armour
 b - a +2 leather armour (worn)
 k - a +0 pair of boots (worn)
 m - a +1 pair of gloves (worn)
Jewellery
 q - an uncursed ring of fire
 s - a ring of protection from fire (right hand)
 t - an uncursed amulet of guardian spirit {unknown}
 u - a ring of wizardry (left hand)
Scrolls
 d - 2 scrolls of remove curse
 i - 3 scrolls of teleportation
 o - 2 scrolls of noise
 v - a scroll of enchant armour
Potions
 e - a potion of flight
 j - 3 potions of lignification
 n - a potion of mutation {unknown}
 p - a potion of stabbing {unknown}
 r - a potion of heal wounds {unknown}
Comestibles
 c - 13 rations


   Skills:
 * Level 6.2(4.0) Fighting
 * Level 6.3(4.1) Maces & Flails
 + Level 4.2(2.1) Armour
 + Level 3.3(1.2) Dodging


You had 6 spell levels left.
You didn't know any spells.
Your spell library contained the following spells:

 Spells                   Type           Power        Failure   Level  Hunger
 Freeze                   Ice            #...         19%         1    ##.....
 Frozen Ramparts          Ice            #.....       47%         3    ####...
 Ozocubu's Armour         Chrm/Ice       #.......     47%         3    ####...
 Hailstorm                Conj/Ice       #.......     86%         4    #####..
 Summon Ice Beast         Ice/Summ       #.......     86%         4    #####..


Dungeon Overview and Level Annotations

Branches:
Dungeon (5/15)             Temple (0/1) D:4           Sewer (visited)

Altars:
Elyvilon


Innate Abilities, Weirdness & Mutations

You reflexively headbutt those who attack you in melee.
You have a pair of horns on your head.


Message History

You hit the orc priest but do no damage.
The orc priest is poisoned.
The orc priest is heavily wounded.
The orc priest closely misses you.
The orc priest hits you but does no damage.
Unknown command.
You closely miss the orc priest. Your headbutt misses the orc priest.
The orc priest is heavily wounded.
The orc priest barely misses you. You furiously retaliate!
You headbutt the orc priest. The orc priest hits you with a +0 whip!
Unknown command.
You closely miss the orc priest.
The orc priest is almost dead.
The orc priest mumbles some strange prayers to Beogh against you.
Beogh smites you!
* * * LOW HITPOINT WARNING * * *
Xom is amused.
The orc priest invokes the aid of Beogh against you.
Pain shoots through your body!
You die...

##### ##..##>......#..
##.#.###...#.....>(.##.
#..........#......).#..
#...............##..#..
#................##....
#####...........##.....
##.............###....
#.....o....##.........
##...@.......##.......
#..o.).#.............
##.....#....#........
#..#.....##.#........
#####...................
#..#.....#..............
#........##.....##......
#............#.###..##.#
##..............##...###


You could see 2 orc priests.

Vanquished Creatures
  A soldier ant (shapeshifter) (D:4)
  Purgy (Sewer)
  A scorpion (D:4)
  A howler monkey (D:4)
  A centaur skeleton (D:4)
  An orc priest (D:5)
  6 adders
  3 gnolls
  An ooze (D:1)
  An adder skeleton (D:4)
  A worm (D:3)
  4 dart slugs
  2 leopard geckos
  3 orcs
  6 giant cockroaches
  5 goblins
  6 hobgoblins
  5 jackals
  3 quokkas (D:3)
  8 bats
  4 frilled lizards
  13 kobolds
  A leopard gecko skeleton (D:4)
  12 rats
90 creatures vanquished.

Notes
Turn   | Place    | Note
-------+----------+-------------------------------------------
     0 | D:1      | Amplified the Minotaur Chaos Knight began the quest for the
                  | Orb.
     0 | D:1      | Reached XP level 1. HP: 19/19 MP: 0/0
   128 | D:1      | XOM: silly message
   200 | D:1      | Reached XP level 2. HP: 27/27 MP: 1/1
   234 | D:1      | XOM: silly message
   652 | D:1      | XOM: silly message
   985 | D:2      | XOM: silly message
  1088 | D:2      | Reached XP level 3. HP: 26/33 MP: 2/2
  1183 | D:2      | XOM: silly message
  1666 | D:2      | Reached XP level 4. HP: 37/41 MP: 3/3
  1741 | D:2      | XOM: silly message
  1923 | D:2      | XOM: torment (22/41 hp)
  2556 | D:3      | XOM: draining
  2716 | D:3      | XOM: summons 1 hostile shadow creature
  2818 | D:3      | Reached skill level 5 in Maces & Flails
  2857 | D:3      | Found a glowing drain.
  2861 | Sewer    | Entered a sewer
  3027 | Sewer    | Noticed Purgy
  3041 | Sewer    | Killed Purgy
  3041 | Sewer    | Reached skill level 5 in Fighting
  3041 | Sewer    | Reached XP level 5. HP: 41/48 MP: 4/4
  3085 | Sewer    | XOM: summons 3 hostile demons
  3823 | D:4      | XOM: chaos cloud
  3825 | D:4      | Noticed a shapeshifter
  3825 | D:4      | an orc changed into a shapeshifter
  3826 | D:4      | Noticed an acid dragon
  3826 | D:4      | a shapeshifter changed into an acid dragon
  3837 | D:3      | Reached XP level 6. HP: 43/56 MP: 5/5
  3917 | D:4      | Noticed a soldier ant
  3929 | D:4      | Killed a soldier ant
  3969 | D:4      | XOM: summons 1 hostile shadow creature
  4022 | D:4      | XOM: 1-stop teleportation journey
  4098 | D:4      | Found a staircase to the Ecumenical Temple.
  4328 | D:4      | Found a white marble altar of Elyvilon.
  4357 | D:4      | XOM: draining
  4401 | D:4      | XOM: draining
  4547 | D:5      | Entered Level 5 of the Dungeon
  4557 | D:5      | Reached XP level 7. HP: 63/63 MP: 6/6
  4578 | D:4      | Killed from afar by an orc priest

Illustrated notes

Levels and vault maps discovered:
D:1:      heliophobic_arrival_enchanted_forest, layout_loops_ring
D:2:      layout_loops_corners
D:3:      layout_loops_corners, gup_sewer_entry_spiral
D:4:      layout_cave_pools, elyvilon_altar_3, minmay_temple_entry_offerings
D:5:      layout_loops_ring, kennysheep_mini_moat, cheibriados_altar_1,
          first_ration, kennysheep_windowed_goal

Skill      XL: |  1  2  3  4  5  6 |
---------------+-------------------+-----
Maces & Flails | 4 5 6 |  6.3
Fighting       | 4 5 6 |  6.2
Armour         | 3 4 |  4.2
Dodging        | 2 3 |  3.3

Action                   |  1- 3 |  4- 6 |  7- 9 || total
-------------------------+-------+-------+-------++-------
Melee: Mace              |    57 |       |       ||    57
       Headbutt          |     9 |    21 |       ||    30
       Whip              |    40 |   160 |    12 ||   212
Throw: Dart              |       |     7 |       ||     7
  Use: Scroll            |    13 |     6 |       ||    19
       Potion            |     3 |       |     1 ||     4
  Eat: Chunk             |     2 |     5 |       ||     7
       Ration            |       |     2 |       ||     2
Armor: Leather armour    |    46 |    68 |     3 ||   117
Dodge: Dodged            |    52 |    88 |     8 ||   148
